TOP OF THE 1ST |
Kansas City Kings batting - Pitching for Philadelphia Athletics : RHP George Nelson
|
Pitching: RHP George Nelson
|
|
Batting: SHB Douglas Taylor
|
0-0: Ball 1-0: Ball 2-0: Fly out, F9 (Flyball, 9S)
|
Batting: RHB Dave Parker
|
0-0: Called Strike 0-1: Ball 1-1: Ball 2-1: Swinging Strike 2-2: Fly out, F9 (Flyball, 9LS)
|
Batting: RHB Chris Chandler
|
0-0: Foul Ball, location: 2F 0-1: Ball 1-1: Ball 2-1: Ball 3-1: Base on Balls
|
Batting: LHB Ron Crawford
|
0-0: Called Strike 0-1: Ball 1-1: Swinging Strike 1-2: Foul Ball, location: 2F 1-2: Strikes out swinging
|
Top of the 1st over - 0 runs, 0 hits, 0 errors, 1 left on base; Kansas City 0 - Philadelphia 0 |
BOTTOM OF THE 1ST |
Philadelphia Athletics batting - Pitching for Kansas City Kings : LHP Francisco Morales
|
Pitching: LHP Francisco Morales
|
|
Batting: RHB César García
|
0-0: Ball 1-0: Called Strike 1-1: Swinging Strike 1-2: Strikes out swinging
|
Batting: LHB John Peterson
|
0-0: SINGLE (Groundball, 6D)
|
Batting: RHB Tony Morton
|
0-0: Fly out, F8 (Flyball, 8LM)
|
Batting: LHB Carter Sweet
|
0-0: Ball 1-0: Ball 2-0: Foul Ball, location: 2F 2-1: Called Strike 2-2: Strikes out swinging
|
Bottom of the 1st over - 0 runs, 1 hit, 0 errors, 1 left on base; Kansas City 0 - Philadelphia 0 |
TOP OF THE 2ND |
Kansas City Kings batting - Pitching for Philadelphia Athletics : RHP George Nelson
|
Batting: RHB Rafael Carreón
|
0-0: Ball 1-0: Ball 2-0: Foul Ball, location: 2F 2-1: Ball 3-1: Swinging Strike 3-2: Base on Balls
|
Batting: RHB Eric Fuller
|
0-0: Ground out 4-3 (Groundball, 4MS) Rafael Carreón to second
|
Batting: RHB Gregg Nelson
|
0-0: Ball 1-0: Called Strike 1-1: Foul Ball, location: 2F 1-2: Foul Ball, location: 2F 1-2: Ball 2-2: Ground out 1-3 (Groundball, P) Rafael Carreón to third
|
Batting: RHB Dennis Garner
|
0-0: Called Strike 0-1: Foul Ball, location: 2F 0-2: SINGLE (Flyball, 89S) Rafael Carreón scores
|
Batting: RHB Dave Anderson
|
0-0: Ball 1-0: Called Strike 1-1: Ball Dennis Garner steals 2nd base 2-1: Ball 3-1: Called Strike 3-2: Strikes out swinging
|
Top of the 2nd over - 1 run, 1 hit, 0 errors, 1 left on base; Kansas City 1 - Philadelphia 0 |
BOTTOM OF THE 2ND |
Philadelphia Athletics batting - Pitching for Kansas City Kings : LHP Francisco Morales
|
Batting: RHB Valentín Borges
|
0-0: Ball 1-0: Ground out 1-3 (Groundball, 15S)
|
Batting: RHB Anastasio Villa
|
0-0: Ball 1-0: Ball 2-0: Reached on error, E7 (Flyball, 78M)
|
Batting: RHB Eric Neal
|
0-0: SINGLE (Line Drive, 7S) Anastasio Villa to second
|
Batting: RHB Dick Slagboom
|
0-0: Ball 1-0: Foul Ball, location: 2F 1-1: Ball 2-1: Foul Ball, location: 2F 2-2: Foul Ball, location: 2F 2-2: Fly out, F7 (Flyball, 78S)
|
Batting: SHB Héctor Padilla
|
0-0: Ball 1-0: Fly out, F7 (Flyball, 7LM)
|
Bottom of the 2nd over - 0 runs, 1 hit, 1 error, 2 left on base; Kansas City 1 - Philadelphia 0 |
TOP OF THE 3RD |
Kansas City Kings batting - Pitching for Philadelphia Athletics : RHP George Nelson
|
Batting: SHB Douglas Taylor
|
0-0: Fly out, F9 (Flyball, 9S)
|
Batting: RHB Dave Parker
|
0-0: Called Strike 0-1: Ball 1-1: Ball 2-1: Swinging Strike 2-2: Hit by Pitch
|
Batting: RHB Chris Chandler
|
0-0: Ball 1-0: DOUBLE (Line Drive, 7LM) Dave Parker to third
|
Batting: LHB Ron Crawford
|
0-0: Ball 1-0: Foul Ball, location: 2F 1-1: Called Strike 1-2: Ball 2-2: Strikes out looking
|
Batting: RHB Rafael Carreón
|
0-0: Ball 1-0: Called Strike 1-1: Called Strike 1-2: Ball 2-2: Strikes out looking
|
Top of the 3rd over - 0 runs, 1 hit, 0 errors, 2 left on base; Kansas City 1 - Philadelphia 0 |
BOTTOM OF THE 3RD |
Philadelphia Athletics batting - Pitching for Kansas City Kings : LHP Francisco Morales
|
Batting: RHB César García
|
0-0: Ball 1-0: Ball 2-0: Ball 3-0: Called Strike 3-1: Ground out 6-3 (Groundball, 6)
|
Batting: LHB John Peterson
|
0-0: Ball 1-0: Ball 2-0: DOUBLE (Line Drive, 89D)
|
Batting: RHB Tony Morton
|
0-0: Ball 1-0: Ball Wild Pitch! John Peterson to third 2-0: Foul Ball, location: 2F 2-1: SINGLE (Groundball, 34D) John Peterson scores
|
Batting: LHB Carter Sweet
|
0-0: Ball 1-0: Swinging Strike 1-1: Ball 2-1: DOUBLE (Flyball, 78D) Tony Morton to third
|
Batting: RHB Valentín Borges
|
0-0: Called Strike 0-1: Ball 1-1: Swinging Strike 1-2: Strikes out swinging
|
Batting: RHB Anastasio Villa
|
0-0: Ball 1-0: Ball 2-0: Fly out, F7 (Flyball, 7D)
|
Bottom of the 3rd over - 1 run, 3 hits, 0 errors, 2 left on base; Kansas City 1 - Philadelphia 1 |
TOP OF THE 4TH |
Kansas City Kings batting - Pitching for Philadelphia Athletics : RHP George Nelson
|
Batting: RHB Eric Fuller
|
0-0: Ball 1-0: Called Strike 1-1: Swinging Strike 1-2: Ball 2-2: Strikes out swinging
|
Batting: RHB Gregg Nelson
|
0-0: Foul Ball, location: 2F 0-1: Called Strike 0-2: Foul Ball, location: 2F 0-2: Ball 1-2: Ball 2-2: Ground out 5-3 (Groundball, 5S)
|
Batting: RHB Dennis Garner
|
0-0: Called Strike 0-1: Fly out, F7 (Flyball, 78M)
|
Top of the 4th over - 0 runs, 0 hits, 0 errors, 0 left on base; Kansas City 1 - Philadelphia 1 |
BOTTOM OF THE 4TH |
Philadelphia Athletics batting - Pitching for Kansas City Kings : LHP Francisco Morales
|
Batting: RHB Eric Neal
|
0-0: Ball 1-0: Called Strike 1-1: Called Strike 1-2: Ball 2-2: Foul Ball, location: 2F 2-2: SINGLE (Flyball, 8RS)
|
Batting: RHB Dick Slagboom
|
0-0: Swinging Strike 0-1: SINGLE (Line Drive, 7S) Eric Neal to second
|
Batting: SHB Héctor Padilla
|
0-0: Called Strike 0-1: Foul Ball, location: 2F 0-2: Ball 1-2: Ball 2-2: Strikes out swinging
|
Batting: RHB César García
|
0-0: Ball Eric Neal steals 3rd base 1-0: Ball 2-0: TRIPLE (Line Drive, 7D) Eric Neal scores Dick Slagboom scores
|
Batting: LHB John Peterson
|
0-0: Ball 1-0: Ball 2-0: Ball 3-0: Called Strike 3-1: Called Strike 3-2: Foul Ball, location: 2F 3-2: Strikes out swinging
|
Batting: RHB Tony Morton
|
0-0: Called Strike 0-1: Swinging Strike 0-2: Ball 1-2: Ball 2-2: Strikes out looking
|
Bottom of the 4th over - 2 runs, 3 hits, 0 errors, 1 left on base; Kansas City 1 - Philadelphia 3 |
TOP OF THE 5TH |
Kansas City Kings batting - Pitching for Philadelphia Athletics : RHP George Nelson
|
Batting: RHB Dave Anderson
|
0-0: Foul Ball, location: 2F 0-1: Ground out 4-3 (Groundball, 4M)
|
Batting: SHB Douglas Taylor
|
0-0: Ball 1-0: Foul Ball, location: 2F 1-1: Swinging Strike 1-2: Foul Ball, location: 2F 1-2: Fly out, F7 (Flyball, 7LD)
|
Batting: RHB Dave Parker
|
0-0: Ball 1-0: Swinging Strike 1-1: TRIPLE (Line Drive, 8RXD)
|
Batting: RHB Chris Chandler
|
0-0: Ball 1-0: Called Strike 1-1: Foul Ball, location: 2F 1-2: Foul Ball, location: 2F 1-2: Foul Ball, location: 2F 1-2: Ball 2-2: Ball 3-2: Base on Balls
|
Batting: LHB Ron Crawford
|
0-0: Ball 1-0: Ball 2-0: 3-RUN HOME RUN (Flyball, 9LD), Distance : 373 ft
|
Batting: RHB Rafael Carreón
|
0-0: Ball 1-0: Called Strike 1-1: Fly out, F7 (Flyball, 7D)
|
Top of the 5th over - 3 runs, 2 hits, 0 errors, 0 left on base; Kansas City 4 - Philadelphia 3 |
BOTTOM OF THE 5TH |
Philadelphia Athletics batting - Pitching for Kansas City Kings : LHP Francisco Morales
|
Batting: LHB Carter Sweet
|
0-0: SINGLE (Flyball, 89M)
|
Batting: RHB Valentín Borges
|
0-0: Ball 1-0: Foul Ball, location: 2F 1-1: Fly out, F9 (Flyball, 89D)
|
Batting: RHB Anastasio Villa
|
0-0: Called Strike 0-1: Ball 1-1: Called Strike 1-2: Ball 2-2: Foul Ball, location: 2F 2-2: Foul Ball, location: 2F 2-2: Ball 3-2: Foul Ball, location: 2F 3-2: Fielders Choice at 2nd, 6-4 (Groundball, 6)
|
Batting: RHB Eric Neal
|
0-0: Ball 1-0: Called Strike 1-1: Called Strike 1-2: Fielders Choice at 2nd, 5-4 (Groundball, 56)
|
Bottom of the 5th over - 0 runs, 1 hit, 0 errors, 1 left on base; Kansas City 4 - Philadelphia 3 |
TOP OF THE 6TH |
Kansas City Kings batting - Pitching for Philadelphia Athletics : RHP George Nelson
|
Pitching: RHP Butch Ramey
|
|
Batting: RHB Eric Fuller
|
0-0: Called Strike 0-1: Ball 1-1: Ball 2-1: Ball 3-1: Base on Balls
|
Batting: RHB Gregg Nelson
|
0-0: Ball 1-0: Foul Ball, location: 2F 1-1: Swinging Strike 1-2: Ball 2-2: Foul Ball, location: 2F 2-2: Strikes out looking
|
Batting: RHB Dennis Garner
|
0-0: Ball 1-0: Ball Eric Fuller steals 2nd base 2-0: Called Strike 2-1: Ball 3-1: Foul Ball, location: 2F 3-2: Strikes out swinging
|
Batting: RHB Dave Anderson
|
0-0: Foul Ball, location: 2F 0-1: Foul Ball, location: 2F 0-2: Ball Passed Ball! Eric Fuller to third 1-2: Ball 2-2: Foul Ball, location: 2F 2-2: Ball 3-2: Foul Ball, location: 2F 3-2: Base on Balls
|
Batting: SHB Douglas Taylor
|
0-0: Ball 1-0: Called Strike 1-1: Swinging Strike 1-2: Ball 2-2: Foul Ball, location: 2F 2-2: Strikes out swinging
|
Top of the 6th over - 0 runs, 0 hits, 0 errors, 2 left on base; Kansas City 4 - Philadelphia 3 |
BOTTOM OF THE 6TH |
Philadelphia Athletics batting - Pitching for Kansas City Kings : LHP Francisco Morales
|
Batting: RHB Dick Slagboom
|
0-0: SINGLE (Flyball, 7LS) - OUT at second base trying to stretch hit.
|
Batting: SHB Héctor Padilla
|
0-0: Ball 1-0: Ball 2-0: Called Strike 2-1: Called Strike 2-2: Strikes out swinging
|
Batting: RHB César García
|
0-0: Ball 1-0: Called Strike 1-1: Swinging Strike 1-2: Ball 2-2: Foul Ball, location: 2F 2-2: Ball 3-2: Foul Ball, location: 2F 3-2: Strikes out swinging
|
Bottom of the 6th over - 0 runs, 1 hit, 0 errors, 0 left on base; Kansas City 4 - Philadelphia 3 |
TOP OF THE 7TH |
Kansas City Kings batting - Pitching for Philadelphia Athletics : RHP Butch Ramey
|
Batting: RHB Dave Parker
|
0-0: Called Strike 0-1: Ball 1-1: Swinging Strike 1-2: Ball 2-2: Foul Ball, location: 2F 2-2: SINGLE (Line Drive, 78S)
|
Pitching: RHP Paco Ruíz
|
|
Batting: RHB Chris Chandler
|
0-0: Called Strike 0-1: Foul Ball, location: 2F 0-2: Ball 1-2: Ball 2-2: Foul Ball, location: 2F 2-2: Foul Ball, location: 2F 2-2: Foul Ball, location: 2F 2-2: Fly out, F7 (Flyball, 78M)
|
Pitching: LHP Mario Tobías
|
|
Batting: LHB Ron Crawford
|
0-0: Ball 1-0: Fly out, F8 (Flyball, 8LXD)
|
Pitching: RHP Ricardo Pérez
|
|
Batting: RHB Rafael Carreón
|
0-0: Ball 1-0: Called Strike 1-1: Foul Ball, location: 2F 1-2: Fly out, F9 (Flyball, 89M)
|
Top of the 7th over - 0 runs, 1 hit, 0 errors, 1 left on base; Kansas City 4 - Philadelphia 3 |
BOTTOM OF THE 7TH |
Philadelphia Athletics batting - Pitching for Kansas City Kings : LHP Francisco Morales
|
Pitching: LHP Manuel Parra
|
|
Batting: LHB John Peterson
|
0-0: Ball 1-0: Foul Ball, location: 2F 1-1: Ball 2-1: SINGLE (Flyball, 9S)
|
Batting: RHB Tony Morton
|
0-0: Fly out, F5 (Popup, 5F)
|
Batting: LHB Carter Sweet
|
0-0: Grounds into double play, U6-3 (Groundball, 4MD)
|
Bottom of the 7th over - 0 runs, 1 hit, 0 errors, 0 left on base; Kansas City 4 - Philadelphia 3 |
TOP OF THE 8TH |
Kansas City Kings batting - Pitching for Philadelphia Athletics : RHP Ricardo Pérez
|
Batting: RHB Eric Fuller
|
0-0: Ball 1-0: Called Strike 1-1: Called Strike 1-2: Fly out, F8 (Flyball, 8RM)
|
Batting: RHB Gregg Nelson
|
0-0: Ball 1-0: Called Strike 1-1: Foul Ball, location: 2F 1-2: Strikes out swinging
|
Batting: RHB Dennis Garner
|
0-0: Called Strike 0-1: Foul Ball, location: 2F 0-2: Ball 1-2: Ground out 4-3 (Groundball, 34)
|
Top of the 8th over - 0 runs, 0 hits, 0 errors, 0 left on base; Kansas City 4 - Philadelphia 3 |
BOTTOM OF THE 8TH |
Philadelphia Athletics batting - Pitching for Kansas City Kings : LHP Manuel Parra
|
Now in LF: Jesús Bueno
|
|
Batting: RHB Valentín Borges
|
0-0: Ball 1-0: Ball 2-0: Ball 3-0: Called Strike 3-1: Base on Balls
|
Pinch Runner at 1st Brian Boone:
|
|
Batting: RHB Anastasio Villa
|
0-0: Ball 1-0: SINGLE (Groundball, 6MD) Brian Boone to second Runner from 2nd tries for 3rd, SAFE, no throw
|
Batting: RHB Eric Neal
|
0-0: Ball 1-0: Fly out, F5 (Line Drive, 5S)
|
Batting: RHB Dick Slagboom
|
0-0: Ball 1-0: Grounds into double play, 1-6-3 (Groundball, P)
|
Bottom of the 8th over - 0 runs, 1 hit, 0 errors, 1 left on base; Kansas City 4 - Philadelphia 3 |
TOP OF THE 9TH |
Kansas City Kings batting - Pitching for Philadelphia Athletics : RHP Ricardo Pérez
|
Batting: RHB Dave Anderson
|
0-0: Ball 1-0: Called Strike 1-1: Ball 2-1: Called Strike 2-2: SINGLE (Groundball, 6D)
|
Batting: SHB Douglas Taylor
|
0-0: Ball Dave Anderson is caught stealing 2nd base 1-0: Foul Ball, location: 2F 1-1: Ball 2-1: Swinging Strike 2-2: Foul Ball, location: 2F 2-2: Ball 3-2: Fly out, F7 (Flyball, 7)
|
Batting: RHB Dave Parker
|
0-0: Called Strike 0-1: Called Strike 0-2: Strikes out swinging
|
Top of the 9th over - 0 runs, 1 hit, 0 errors, 0 left on base; Kansas City 4 - Philadelphia 3 |
BOTTOM OF THE 9TH |
Philadelphia Athletics batting - Pitching for Kansas City Kings : LHP Manuel Parra
|
Pitching: RHP Nick Parks
|
|
Batting: SHB Héctor Padilla
|
0-0: Called Strike 0-1: Fly out, F9 (Flyball, 9)
|
Batting: RHB César García
|
0-0: Foul Ball, location: 2F 0-1: Called Strike 0-2: DOUBLE (Line Drive, 7D)
|
Batting: LHB John Peterson
|
0-0: Called Strike 0-1: Ball 1-1: Ground out 4-3 (Groundball, 4) César García to third
|
Batting: RHB Tony Morton
|
0-0: Called Strike 0-1: Ball 1-1: Ball 2-1: Ground out U3 (Groundball, 3)
|
Bottom of the 9th over - 0 runs, 1 hit, 0 errors, 1 left on base; Kansas City 4 - Philadelphia 3 |
|